 Dungeon Crawl Stone Soup version 0.31-a0-940-gdaa99269f9 (webtiles) character file.

Game seed: 3380815294607241146

10 protoss039 the Digger (level 2, 0/20 HPs)
             Began as a Demonspawn Earth Elementalist on Oct 21, 2023.
             Slain by a jackal (2 damage)
             ... on level 1 of the Dungeon.
             The game lasted 00:01:02 (167 turns).

protoss039 the Digger (DsEE)                         Turns: 167, Time: 00:01:03

Health: 0/20       AC:  2    Str:  8    XL:     2   Next: 10%
Magic:  1/5        EV: 12    Int: 16    God:
Gold:   0          SH:  0    Dex: 13    Spells: 4/5 levels left

rFire   . . .        b - +0 dagger
rCold   . . .        (no shield)
rNeg    . . .        a - +0 robe
rPois   .            (helmet restricted)
rElec   .            (no cloak)
rCorr   .            (no gloves)
SInv    .            (no boots)
Will    .....        (no amulet)
Stlth   ++           (no ring)
HPRegen 0.23/turn    (no ring)
MPRegen 0.09/turn

%: no passive effects
@: no status effects
A: antennae 1
a: no special abilities


You were on level 1 of the Dungeon.
You visited 1 branch of the dungeon, and saw 2 of its levels.

Inventory:

Hand Weapons
 b - a +0 dagger (weapon)
Armour
 a - a +0 robe (worn)


   Skills:
 + Level 0.9 Fighting
 - Level 1.7 Dodging
 - Level 1.7 Stealth
 + Level 2.2 Spellcasting
 - Level 0.8 Transmutations
 + Level 2.9 Earth Magic


You had 4 spell levels left.
You knew the following spells:

 Your Spells              Type           Power      Damage    Failure   Level
a - Sandblast             Erth           22%        2d7       6%          1

Your spell library contained the following spells:

 Spells                   Type           Power      Damage    Failure   Level
 Passwall                 Tmut/Erth      5%         N/A       14%         2
 Stone Arrow              Conj/Erth      12%        3d7       32%         3
 Petrify                  Tmut/Erth      7%         N/A       67%         4
 Brom's Barrelling Bould  Conj/Erth      6%         2d3       73%         4


Dungeon Overview and Level Annotations

Branches:
Dungeon (2/15) Zot: 11824

Altars:


Innate Abilities, Weirdness & Mutations

You have a pair of small antennae on your head.


Message History

Press: ? - help, Shift-Dir - straight line, f - jackal
Aim: a jackal (77% to hit)
The blast of sand hits the jackal.
The jackal is moderately wounded.
The jackal bites you but does no damage.
The jackal closely misses you.
Unknown command.
The jackal closely misses you.
You climb upwards.
The jackal barely misses you.
The frilled lizard bites you but does no damage.
The jackal bites you.
* * * LOW HITPOINT WARNING * * *
There is a stone staircase leading down, spattered with blood here.
Unknown command.
You open the door. The jackal misses you. The frilled lizard barely misses you.
The jackal closely misses you.
The jackal bites you but does no damage.
The frilled lizard attacks as it pursues you!
The frilled lizard closely misses you. The jackal attacks as it pursues you!
The jackal barely misses you.
An endoplasm comes into view.
The jackal closely misses you.
There is an open door here.
You aren't carrying any scrolls.
The jackal bites you.
* * * LOW HITPOINT WARNING * * *
Unknown command.
The endoplasm quivers.
You hit the jackal.
You kill the jackal!
The jackal bites you.
* * * LOW HITPOINT WARNING * * *
Unknown command.
The frilled lizard attacks as it pursues you!
The frilled lizard bites you.
* * * LOW HITPOINT WARNING * * *
Unknown command.
The jackal attacks as it pursues you! The jackal closely misses you.
The jackal bites you.
You die...

#.##...####...#...#
#.........#.#.#..##
..###.....#.#.....##
#......>..........#
....#.#'#...#.#...###
.#......†...........#
.........l.........##
#.#.....#h..#..##).#
...#....@...........#
.#
#...J#.)......PP..#
.................P..#
.......#.....##.....#
.......$.#....B......
##.###........#.####
#. ##.......# . ..
....


You could see an endoplasm, a jackal, a giant cockroach (wandering) and a
frilled lizard.

Vanquished Creatures
  An endoplasm (D:1)
  2 goblins (D:1)
  3 jackals
  A quokka (D:1)
  A rat (D:1)
8 creatures vanquished.

Notes
Turn   | Place    | Note
-------+----------+-------------------------------------------
     0 | D:1      | protoss039 the Demonspawn Earth Elementalist began the
                  | quest for the Orb.
     0 | D:1      | Reached XP level 1. HP: 13/13 MP: 3/3
   158 | D:2      | Gained mutation: You have a pair of small antennae on your
                  | head. [demonic ancestry]
   158 | D:2      | Reached XP level 2. HP: 7/20 MP: 1/5
   166 | D:1      | HP: 1/20 [frilled lizard (1)]
   167 | D:1      | Slain by a jackal

Illustrated notes

Levels and vault maps discovered:
D:1:      saegor_arrival_simple_c, layout_basic, hex_medium,
          minmay_curled_crystal, serial_park_tiny_1
D:2:      layout_basic

Action                     || total
---------------------------++-------
  Melee: Dagger            ||    10
   Cast: Sandblast         ||    14
    Use: Potion            ||     1
 Armour: Robe              ||    38
  Dodge: Dodged            ||    45

Table legend: (Time is in decaauts)
 A = Elapsed time spent in this place.
 B = Non-inter-level travel time spent in this place.
 C = Inter-level travel time spent in this place.
 D = Time resting spent in this place.
 E = Time spent auto-exploring this place.
 F = Levels seen in this place.
 G = Mean time per level.
                   A        B        C        D        E       F      G
               +--------+--------+--------+--------+--------+-----+--------+
         Total |    174 |    174 |      0 |     46 |     43 |   2 |   87.0 |
       Dungeon |    174 |    174 |      0 |     46 |     43 |   2 |   87.0 |
               +--------+--------+--------+--------+--------+-----+--------+

Top non-repeatable levels by time:
     D:1: 106 daAuts
     D:2: 68 daAuts
